 Dungeon Crawl Stone Soup version 0.31-a0-182-gc5ef74bbde (webtiles) character file.

Game seed: 5149668176265574745

4624 Maxmaps the Slicer (level 10, -2/83 HPs)
             Began as a Demonspawn Reaver on June 21, 2023.
             Was an Initiate of Gozag.
             Slain by an orc warrior
             ... wielding a +2 heavy hand axe
              (7 damage)
             ... on level 9 of the Dungeon.
             The game lasted 00:12:22 (9248 turns).

Maxmaps the Slicer (Demonspawn Reaver)              Turns: 9248, Time: 00:12:22

Health: -2/83      AC: 18    Str: 21    XL:     10   Next: 19%
Magic:  22/22      EV: 11    Int: 18    God:    Gozag
Gold:   1031       SH:  0    Dex: 11    Spells: 12/13 levels left

rFire   . . .        k - +1 dagger (venom)
rCold   + . .        (no shield)
rNeg    . . .        v - +5 ring mail of Theory {Str+4}
rPois   .            (no helmet)
rElec   .            I - +0 cloak
rCorr   +            E - +1 pair of gloves {Str+3}
SInv    .            H - +0 pair of boots
Will    .....        r - amulet of the acrobat
Stlth   +            j - ring of magical power
HPRegen 0.33/turn    l - ring of protection from cold
MPRegen 0.18/turn

%: acrobat
@: mighty, brilliant, studying Ice Magic
A: yellow scales 3, demonic touch 2
a: Renounce Religion, Potion Petition, Call Merchant, Bribe Branch


You were on level 9 of the Dungeon.
You worshipped Gozag.
Gozag was most pleased with you.
You visited 2 branches of the dungeon, and saw 10 of its levels.

You collected 1399 gold pieces.
You spent 130 gold pieces at shops.
You paid 238 gold pieces to Gozag.

Inventory:

Hand Weapons
 a - a +0 falchion
 f - a +2 dagger of speed
 k - a +1 dagger of venom (weapon)
Missiles
 m - 3 throwing nets
Armour
 e - +0 acid dragon scales
 v - the +5 ring mail of Theory (worn) {Str+4}
   (You found it on level 3 of the Dungeon)

   Str:       It affects your strength (+4).
 E - a +1 pair of gloves of strength (worn)
 H - a +0 pair of boots (worn)
 I - a +0 cloak (worn)
Jewellery
 h - a ring of positive energy
 j - a ring of magical power (left hand)
 l - a ring of protection from cold (right hand)
 r - an amulet of the acrobat (around neck)
Wands
 g - a wand of flame (20)
 n - a wand of mindburst (8)
 w - a wand of polymorph (12)
 x - a wand of acid (6)
 A - a wand of roots (10)
 G - a wand of charming (11)
Scrolls
 b - 2 scrolls of noise
 p - a scroll of torment {unknown}
 s - a scroll of revelation
 y - a scroll of immolation {unknown}
 C - a scroll of fear
Potions
 c - 3 potions of lignification
 d - a potion of cancellation
 i - 2 potions of brilliance
 o - a potion of magic {unknown}
 q - 2 potions of attraction
 u - a potion of resistance {unknown}
 z - a potion of heal wounds {unknown}
 B - a potion of ambrosia {unknown}
 D - 2 potions of mutation
 F - 2 potions of might


   Skills:
 + Level 9.3 Fighting
 - Level 10.3(10.7) Short Blades
 - Level 4.4(8.0) Long Blades
 - Level 1.7 Dodging
 - Level 2.0 Spellcasting
 - Level 3.0 Conjurations


You had 12 spell levels left.
You knew the following spells:

 Your Spells              Type           Power      Damage    Failure   Level
a - Kiss of Death         Conj/Necr      40%        2d8       16%         1

Your spell library contained the following spells:

 Spells                   Type           Power      Damage    Failure   Level
 Magic Dart               Conj           72%        1d6       9%          1
 Shock                    Conj/Air       40%        1d5       16%         1
 Momentum Strike          Conj/Tloc      20%        3d8       24%         2
 Freeze                   Ice            8%         1d3       30%         1
 Necrotise                Necr           8%         1d4       30%         1
 Call Imp                 Summ           4%         N/A       41%         2
 Poisonous Vapours        Pois/Air       4%         N/A       41%         2
 Dazzling Flash           Conj/Hex       20%        N/A       43%         3
 Hailstorm                Conj/Ice       10%        3d5       43%         3
 Mephitic Cloud           Conj/Pois/Air  8%         N/A       52%         3
 Frozen Ramparts          Ice            4%         1d1       65%         3
 Inner Flame              Hex/Fire       2%         N/A       65%         3
 Volatile Blastmotes      Fire/Tloc      4%         2d10      65%         3
 Iskenderun's Mystic Bla  Conj/Tloc      10%        2d4       85%         4
 Freezing Cloud           Conj/Ice/Air   4%         6-21      99%         5
 Yara's Violent Unravell  Hex/Tmut       1%         3d3       100%        5
 Starburst                Conj/Fire      5%         6d4       100%        6
 Enfeeble                 Hex            1%         N/A       100%        7


Dungeon Overview and Level Annotations

Branches:
Dungeon (9/15)             Temple (1/1) D:4
   Lair: D:8-11         Orc: D:9-12

Altars:
Ashenzari
Cheibriados
Dithmenos
Fedhas
Gozag
Hepliaklqana
Kikubaaqudgha
Makhleb
Nemelex Xobeh
Okawaru
Qazlal
Ru
Sif Muna
Trog
Uskayaw
Vehumet
Wu Jian
Xom
Yredelemnul

Shops:
D:3 [   D:7 (


Innate Abilities, Weirdness & Mutations

You are completely covered in yellow scales. (AC +4, rCorr)
Your touch may inflict irresistible damage on your foes.


Message History

The orc warrior unwields a +0 orcbow.
The orc warrior wields a +0 glaive.
The orc warrior closely misses you.
Things that are here:
5 gold pieces; a +1 trident of protection You barely miss the orc warrior.
The orc warrior hits you with a +0 glaive!
You are too injured to fight recklessly!
You are too injured to fight recklessly!
You barely miss the orc warrior. You barely miss the orc warrior.
The orc warrior unwields a +0 orcbow.
The orc warrior wields a +2 heavy hand axe.
The orc warrior hits you with a +2 heavy hand axe!
The orc warrior completely misses you.
Things that are here:
4 gold pieces; a +0 dagger You closely miss the orc warrior.
You touch the orc warrior!
The orc warrior is heavily wounded.
You hit the orc warrior but do no damage.
The orc warrior is poisoned.
The orc warrior is heavily wounded.
The orc warrior hits you but does no damage.
You hit the orc warrior but do no damage.
The orc warrior looks even sicker.
Your touch misses the orc warrior.
The orc warrior is heavily wounded.
The orc warrior hits you but does no damage.
You hit the orc warrior but do no damage.
The orc warrior is heavily wounded.
The orc warrior hits you with a +0 glaive!
* * * LOW HITPOINT WARNING * * *
[a] - 750 gold - resistance, haste and enlightenment [b] - 600 gold - resistance, might and haste [c] - 168 gold - might and brilliance Purchase which effect?
You feel very mighty all of a sudden.
You feel clever all of a sudden.
The orc warrior hits you with a +0 glaive!
* * * LOW HITPOINT WARNING * * *
The orc warrior hits you with a +2 heavy hand axe!
You die...
Your body crumbles into a pile of gold.

#. ###...........#
####+#### #.............#
#.......###.#.>.........#
#.......##..#...........#
#.......##.##...........#
+.......'..##...........#
#.......#############.###
#.......# #o$))..#
#####'### #@###### #....#
#o# #.#### #$#
##'######## #$#
#.......... ####$########
'.......... #..$$$......#
#.......... #...........#
#..#######.##...$.......#
#..# #..............#


You could see 2 orc warriors.

Vanquished Creatures
  A two-headed ogre (D:8)
  The ghost of Moral the Grave Robber, a novice OpNe (D:5)
  A steam dragon (D:7)
  An acid dragon (D:9)
  6 orc warriors
  A sky beast (D:7)
  An ice beast (D:7)
  A black bear (D:4)
  An ogre (D:6)
  4 centaurs
  A phantom (D:6)
  2 kobold brigands (D:8)
  2 gnoll sergeants (D:5)
  3 bullfrogs
  A scorpion (D:5)
  4 wights (D:8)
  An electric eel (D:8)
  4 howler monkeys
  4 hounds
  A gnoll bouda (D:5)
  3 jellies
  Crazy Yiuf (D:6)
  8 orc priests
  An iguana (D:6)
  11 orc wizards
  11 adders
  17 gnolls
  2 shadow imps (D:5)
  2 white imps
  A worm (D:3)
  3 dart slugs
  51 orcs
  4 bats
  12 endoplasms
  15 giant cockroaches
  5 goblins
  5 hobgoblins
  4 jackals
  20 kobolds
  3 quokkas
  7 ball pythons
  17 frilled lizards
  4 rats
248 creatures vanquished.

Vanquished Creatures (others)
  A killer bee (D:8)
1 creature vanquished.

Grand Total: 249 creatures vanquished

Notes
Turn   | Place    | Note
-------+----------+-------------------------------------------
     0 | D:1      | Maxmaps the Demonspawn Reaver began the quest for the Orb.
     0 | D:1      | Reached XP level 1. HP: 16/16 MP: 3/3
   442 | D:1      | Gained mutation: Your touch may inflict minor irresistible
                  | damage on your foes. [demonic ancestry]
   442 | D:1      | Reached XP level 2. HP: 16/22 MP: 5/5
   863 | D:1      | Found a faded altar of an unknown god.
  1404 | D:2      | Reached XP level 3. HP: 27/27 MP: 6/6
  2041 | D:3      | Reached XP level 4. HP: 33/33 MP: 7/7
  2052 | D:3      | Reached skill level 1 in Short Blades
  2222 | D:3      | Reached skill level 2 in Short Blades
  2244 | D:3      | Gained mutation: You are partially covered in yellow
                  | scales. (AC +2) [demonic ancestry]
  2244 | D:3      | Reached XP level 5. HP: 18/38 MP: 8/8
  2378 | D:3      | Reached skill level 3 in Short Blades
  2514 | D:3      | Got The Basics of Wizarding
  2538 | D:3      | Found Obroj's Antique Armour Emporium.
  2608 | D:3      | Identified the +1 leather armour "Ragekicw" {Harm rF-
                  | Will+}
  2746 | D:3      | Reached skill level 4 in Short Blades
  2982 | D:3      | Identified the +5 ring mail of Theory {Str+4}
  3221 | D:3      | Gained mutation: You are mostly covered in yellow scales.
                  | (AC +3) [demonic ancestry]
  3221 | D:3      | Reached XP level 6. HP: 40/44 MP: 9/9
  3263 | D:4      | Found an opulent altar of Gozag.
  3288 | D:4      | Became a worshipper of Gozag Ym Sagoz the Greedy
  3313 | D:4      | Reached skill level 5 in Short Blades
  3574 | D:4      | Reached XP level 7. HP: 35/50 MP: 10/10
  3637 | D:4      | Found a staircase to the Ecumenical Temple.
  3661 | Temple   | Entered the Ecumenical Temple
  3894 | D:5      | Entered Level 5 of the Dungeon
  3967 | D:5      | Reached skill level 6 in Short Blades
  4138 | D:5      | Found a transporter.
  4153 | D:5      | Identified the +5 spear "Remnuf" {elec, rPois rF- Str+3}
  4239 | D:5      | Noticed Moral's ghost (novice OpNe)
  4276 | D:5      | Found a transporter.
  4762 | D:5      | Killed Moral's ghost
  4763 | D:5      | Reached skill level 7 in Short Blades
  4763 | D:5      | Reached XP level 8. HP: 56/56 MP: 11/11
  4785 | D:5      | Reached skill level 8 in Short Blades
  5414 | D:6      | Found a stormy altar of Qazlal.
  5838 | D:6      | Reached skill level 9 in Short Blades
  5935 | D:6      | Found a runed translucent door.
  5936 | D:6      | Noticed Crazy Yiuf
  5944 | D:6      | Killed Crazy Yiuf
  6081 | D:7      | Found a shimmering altar of Xom.
  6111 | D:7      | Found Pesuitez's Antique Weapon Shop.
  6195 | D:7      | Bought a glowing dagger for 130 gold pieces
  6330 | D:7      | Reached skill level 10 in Short Blades
  6483 | D:7      | Gained mutation: Your touch may inflict irresistible damage
                  | on your foes. [demonic ancestry]
  6483 | D:7      | Reached XP level 9. HP: 59/61 MP: 12/12
  6776 | D:7      | Found a radiant altar of Vehumet.
  6776 | D:7      | Found an iron altar of Okawaru.
  6776 | D:7      | Found a burning altar of Makhleb.
  6889 | D:8      | Noticed a two-headed ogre
  6900 | D:8      | Killed a two-headed ogre
  6901 | D:8      | Reached skill level 5 in Fighting
  8458 | D:9      | Gained mutation: You are completely covered in yellow
                  | scales. (AC +4, rCorr) [demonic ancestry]
  8458 | D:9      | Reached XP level 10. HP: 72/76 MP: 13/13
  9248 | D:9      | Slain by an orc warrior

Illustrated notes

Levels and vault maps discovered:
D:1:      psy_arrival_radial02, layout_basic, chequers_ecumenical_altar_twisty
D:2:      layout_loops_cross, serial_bayou, serial_bayou_pond_d,
          serial_bayou_crossing, serial_bayou_pond_c, serial_bayou_pond_d,
          serial_bayou_ford_a
D:3:      minmay_roachtagon, layout_loops_ring, serial_shops,
          nicolae_shop_real_fake_doors, minmay_lizard_king
D:4:      layout_rooms, nicolae_gozag_seed_capital,
          minmay_temple_entry_statues_fountains
D:5:      layout_loops_cross, gammafunk_ghost_gnarly_gnolls
D:6:      layout_rooms, mainiacjoe_overflow_boulevard, uniq_crazy_yiuf_cottage
D:7:      layout_gridville, gammafunk_temple_overflow_forgotten,
          xom_teletrap_fun, serial_shops, nicolae_diamond_shop
D:8:      cheibrodos_helix_gallery, layout_loops_corners, kennysheep_nub
D:9:      layout_roguey, david_orc_5, uniq_amaemon
Temple:   lightli_temple_of_artemis

Skill      XL: |  1  2  3  4  5  6  7  8  9 10 |
---------------+-------------------------------+-----
Long Blades    | 3 4 |  4.4
Short Blades   | 2 4 5 7 10 | 10.3
Fighting       | 8 9 |  9.3
Dodging        | |  1.7
Spellcasting   | |  2.0
Conjurations   | |  3.0

Action                     |  1- 3 |  4- 6 |  7- 9 | 10-12 || total
---------------------------+-------+-------+-------+-------++-------
  Melee: Falchion          |    70 |       |       |       ||    70
         Touch             |    17 |    47 |    97 |    29 ||   190
         Dagger            |    22 |   232 |   474 |   126 ||   854
         Punch             |       |     3 |     3 |     2 ||     8
 Invoke: Potion Petition   |       |       |       |     1 ||     1
    Use: Scroll            |       |       |    14 |     2 ||    16
         Potion            |       |       |     4 |       ||     4
   Stab: Distracted        |       |     1 |     1 |     1 ||     3
 Armour: Leather armour    |    11 |       |       |       ||    11
         Ring mail         |     1 |    54 |   144 |    49 ||   248
         Acid dragon scale |    31 |    36 |       |       ||    67
  Dodge: Dodged            |    51 |   117 |   195 |    56 ||   419

Table legend: (Time is in decaauts)
 A = Elapsed time spent in this place.
 B = Non-inter-level travel time spent in this place.
 C = Inter-level travel time spent in this place.
 D = Time resting spent in this place.
 E = Time spent auto-exploring this place.
 F = Levels seen in this place.
 G = Mean time per level.
                   A        B        C        D        E       F      G
               +--------+--------+--------+--------+--------+-----+--------+
         Total |   8966 |   8434 |    532 |   1122 |   5695 |  10 |  896.6 |
       Dungeon |   8861 |   8347 |    514 |   1122 |   5613 |   9 |  984.6 |
        Temple |    105 |     87 |     18 |      0 |     82 |   1 |  105.0 |
               +--------+--------+--------+--------+--------+-----+--------+

Top non-repeatable levels by time:
     D:5: 1404 daAuts
     D:8: 1312 daAuts
     D:1: 1137 daAuts
     D:3: 1061 daAuts
     D:2: 1033 daAuts
     D:9: 899 daAuts
     D:6: 794 daAuts
     D:7: 680 daAuts
     D:4: 538 daAuts
  Temple: 105 daAuts
